 Dungeon Sprint DCSS version 0.27-a0-1006-g1fd4cec11e (webtiles) character file.

Game seed: 5914548387365842633

5389 mhtbhm the Scorcher (level 10, -23/56 HPs)
             Began as a Deep Elf Fire Elementalist on Apr 17, 2021.
             Was the Champion of Vehumet.
             Blown up by an eye of devastation (37 damage)
             ... with a bolt of energy
             ... in the Dungeon (Sprint V: "Ziggurat Sprint").
             The game lasted 00:06:33 (1096 turns).

mhtbhm the Scorcher (Deep Elf Fire Elementalist)    Turns: 1096, Time: 00:06:34

Health: -23/56     AC: 11    Str:  9    XL:     10   Next: 39%
Magic:  17/31      EV: 17    Int: 33    God:    Vehumet [******]
Gold:   0          SH:  0    Dex: 15    Spells: 4/40 levels left

rFire    + + .     SeeInvis +   s - +8 lance "Wyrmbane" {slay drac, rPois rF+ rC+ AC+3}
rCold    + + .     Faith    .   (no shield)
rNeg     . . .     Spirit   .   a - +1 robe {rC+ rF+}
rPois    +         Reflect  .   (no helmet)
rElec    .         Harm     .   B - +0 cloak {rCorr}
rCorr    +         Rampage  +   H - +3 pair of gloves "Puipniom" {Rampage Str+4 Int-3 SInv}
Will     +....     NoTele   +   (no boots)
Stlth    ++++......             G - amulet of magic regeneration
HPRegen  0.18/turn              u - +6 ring of intelligence
MPRegen  0.47/turn              v - +6 ring of intelligence

@: no status effects
A: no striking features
a: Renounce Religion


You were in the Dungeon.
You worshipped Vehumet.
Vehumet was exalted by your worship.
You visited 1 branch

Inventory:

Hand Weapons
 s - the +8 lance "Wyrmbane" (weapon) {slay drac, rPois rF+ rC+ AC+3}
   (You found it in the Dungeon)

   It affects your AC (+3).
   It protects you from fire.
   It protects you from cold.
   It protects you from poison.
Armour
 a - a +1 robe of resistance (worn)
 B - a +0 cloak of preservation (worn)
 H - the +3 pair of gloves "Puipniom" (worn) {Rampage Str+4 Int-3 SInv}
   (You found it in the Dungeon)

   It affects your strength (+4).
   It affects your intelligence (-3).
   It lets you see invisible.
   It bestows one free step when moving towards enemies.
Magical Staves
 x - a staff of fire
Jewellery
 u - a +6 ring of intelligence (left hand)
 v - a +6 ring of intelligence (right hand)
 w - the ring of Quathac {Fly Will+ Str+3}
   (You found it in the Dungeon)

   [ring of flight]

   It affects your strength (+3).
   It grants you flight.
   It increases your willpower.
 F - the ring "Zouthricopn" {Ice Will+}
   (You found it in the Dungeon)

   [ring of ice]

   It enhances your ice magic.
   It makes you vulnerable to fire.
   It protects you from cold.
   It increases your willpower.
 G - an amulet of magic regeneration (around neck)
 I - the ring "Qeme" {rF+ Dex+4}
   (You found it in the Dungeon)

   [ring of protection from fire]

   It affects your dexterity (+4).
   It protects you from fire.
 J - the ring "Amygylo" {rElec rF+ rC- Dex+2 SInv}
   (You found it in the Dungeon)

   [ring of see invisible]

   It affects your dexterity (+2).
   It protects you from fire.
   It makes you vulnerable to cold.
   It insulates you from electricity.
   It lets you see invisible.
Wands
 y - a wand of mindburst (7)
 z - a wand of iceblast (7)
 A - a wand of acid (7)
Scrolls
 h - 3 scrolls of blinking
 m - 4 scrolls of amnesia
 n - 7 scrolls of fog
 o - a scroll of holy word
 p - 3 scrolls of identify
 q - 2 scrolls of fear
Potions
 b - 2 potions of brilliance
 c - 9 potions of curing
 d - 11 potions of heal wounds
 e - 6 potions of haste
 f - 7 potions of magic
 g - 3 potions of berserk rage
 i - 2 potions of invisibility
 j - 4 potions of resistance
 k - a potion of experience
 l - 5 potions of might
 C - a potion of cancellation
 D - a potion of flight
Miscellaneous
 r - a lightning rod (4/4)
 t - a box of beasts
 E - a piece from Xom's chessboard (15/15)
 K - a phantom mirror
 L - a tin of tremorstones (2/2)


   Skills:
 + Level 4.1 Fighting
 + Level 2.1 Polearms
 + Level 10.3 Dodging
 + Level 9.2 Stealth
 + Level 15.7 Spellcasting
 + Level 9.0 Conjurations
 + Level 16.6 Fire Magic


You had 4 spell levels left.
You knew the following spells:

 Your Spells              Type           Power      Damage    Failure   Level
a - Foxfire               Conj/Fire      100%       2x1d9     0%          1
b - Conjure Flame         Conj/Fire      84%        6-21      1%          3
c - Inner Flame           Hex/Fire       69%        N/A       1%          3
d - Sticky Flame          Conj/Fire      84%        2d10      1%          4
e - Fireball              Conj/Fire      42%        3d17      1%          5
f - Sandblast             Erth           50%        2d12      1%          1
g - Ignite Poison         Fire/Tmut/Pois 58%        N/A       1%          3
h - Lee's Rapid Deconstr  Erth           12%        3d10*     12%         5
i - Bolt of Magma         Conj/Fire/Erth 35%        4d15      1%          5
j - Iron Shot             Conj/Erth      27%        9d6       11%         6

Your spell library contained the following spells:

 Spells                   Type           Power      Damage    Failure   Level
 Fulminant Prism          Conj/Hex       27%        3d14      1%          4
 Animate Armour           Summ/Erth      50%        N/A       16%         4
 Animate Dead             Necr           12%        N/A       16%         4
 Ice Form                 Ice/Tmut       25%        N/A       16%         4
 Leda's Liquefaction      Hex/Erth       12%        N/A       16%         4
 Summon Ice Beast         Ice/Summ       25%        N/A       16%         4
 Freezing Cloud           Conj/Ice/Air   22%        6-21      17%         6
 Borgnjor's Vile Clutch   Necr/Erth      12%        N/A       41%         5
 Death Channel            Necr           12%        N/A       94%         6
 Simulacrum               Ice/Necr       12%        N/A       94%         6
 Statue Form              Tmut/Erth      16%        N/A       94%         6
 Ozocubu's Refrigeration  Ice            12%        4d7       95%         7
 Shatter                  Erth           12%        3d13*     100%        9


Dungeon Overview and Level Annotations

Branches:
Dungeon (1/1)

Altars:
Ashenzari
Cheibriados
Dithmenos
Elyvilon
Fedhas
Gozag
Hepliaklqana
Kikubaaqudgha
Makhleb
Nemelex Xobeh
Okawaru
Qazlal
Ru
Sif Muna
Trog
Uskayaw
Vehumet
Wu Jian
Xom
Yredelemnul
Zin
The Shining One
Beogh
Jiyva
Lugonu


Message History

Unknown command.
Unknown command.
Casting: Lee's Rapid Deconstruction (quite dangerous; 12% risk of failure)
Confirm with . or Enter, or press ? or * to list all spells.
Okay, then.
You feel much better.
Unknown command.
Casting: Lee's Rapid Deconstruction (quite dangerous; 12% risk of failure)
Confirm with . or Enter, or press ? or * to list all spells.
The spell is quite dangerous to cast (12% risk of failure)!
Continue anyway?
Aiming: Lee's Rapid Deconstruction (quite dangerous; 12% risk of failure)
Press: ? - help, Dir - move target, f/p - rockslime Fragment what (e.g. wall or brittle monster)?: a rockslime (moderately wounded)
The rockslime shatters!
The rockslime is severely wounded.
The endoplasm quivers.
Unknown command.
Unknown command.
Unknown command.
Casting: Lee's Rapid Deconstruction (quite dangerous; 12% risk of failure)
Confirm with . or Enter, or press ? or * to list all spells.
Aiming: Sticky Flame (safe; 1% risk of failure)
Press: ? - help, Shift-Dir - straight line, f/p - rockslime
Aim: a rockslime (severely wounded, 100% to hit)
The sticky flame hits the rockslime but does no damage.
The rockslime is severely wounded.
The rockslime is covered in liquid flames!
The rockslime burns!
The rockslime hits you!
You hold your ground!
The rockslime hits you!!
* * * LOW HITPOINT WARNING * * *
You hold your ground!
Unknown command.
Unknown command.
Blink to where?
Press: ? - help, Dir - move target, p - rockslime
As you read the scroll of blinking, it crumbles to dust.
The eye of devastation gazes at you. The bolt of energy hits you!!!
Ouch! That really hurt!
You die...

▓...))|[..▓
▓..:)}|[..▓...}||...▓
▓.........▓.........▓
▓.....JG..▓.........▓
▓..JJG....▓.........▓
▓.........▓.........▓
▓.........▓.▓.†...▓.▓
▓.▓..J..▓.▓....©....▓
▓....§...@▓▓▓▓▓▓▓▓▓▓▓
▓▓▓▓▓▓▓▓▓▓▓


You could see a slime creature, a rockslime (burning), an eye of devastation, a
jelly and an endoplasm.

Vanquished Creatures
  2 naga magi (D)
  2 cane toads (D)
  A rime drake (D)
  2 guardian mummies (D)
  2 freezing wraiths (D)
  2 jumping spiders (D)
  A blink frog (D)
  Sigmund (D)
  A yak (D)
  3 nagas (D)
  2 water moccasins (D)
  An ice beast (D)
  A necrophage (D)
  8 wolves (D)
  Blork the orc (D)
  4 bullfrogs (D)
  2 scorpions (D)
  Dowan (D)
  2 jellies (D)
  Crazy Yiuf (D)
  Jessica (D)
  An iguana (D)
  5 mummies (D)
  An adder (D)
  A river rat (D)
  3 white imps (D)
  An adder skeleton (D)
  A ball python (D)
  An endoplasm (D)
  A jackal (D)
  A ball python simulacrum (D)
57 creatures vanquished.

Vanquished Creatures (others)
  17 foxfires (D)
17 creatures vanquished.

Grand Total: 74 creatures vanquished

Notes
Turn   | Place    | Note
-------+----------+-------------------------------------------
     0 | D        | mhtbhm the Deep Elf Fire Elementalist began the quest for
                  | the Orb.
     0 | D        | Reached XP level 1. HP: 10/10 MP: 6/6
     0 | D        | Found a shimmering blue altar of Sif Muna.
     0 | D        | Found a bloodstained altar of Trog.
     0 | D        | Found a sacrificial altar of Ru.
     0 | D        | Found a stormy altar of Qazlal.
     0 | D        | Found an iron altar of Okawaru.
     1 | D        | Found a sparkling altar of Nemelex Xobeh.
     1 | D        | Found a blossoming altar of Fedhas.
     2 | D        | Found the +6 Majin-Bo {vamp, MP+6 Int+6}
     2 | D        | Found the +9 heavy crossbow "Sniper" {vorpal, Acc+∞ SInv}
     2 | D        | Found the +10 dark maul {vorpal}
     2 | D        | Found the +15 Maxwell's patent armour {-Cast -Tele rElec
                  | Will+ rCorr}
     2 | D        | Found the +18 shield of the Gong {rElec rN+ Will+ EV-5}
     2 | D        | Found the +14 obsidian axe {vorpal, Drain Fly SInv}
     2 | D        | Found the +7 great mace "Firestarter" {inner flame, rF++}
     2 | D        | Found the +6 shillelagh "Devastator" {shatter}
     2 | D        | Found the +11 plutonium sword {Contam Stlth-}
     2 | D        | Found the +8 lance "Wyrmbane" {slay drac, rPois rF+ rC+
                  | AC+3}
     2 | D        | Found the +9 sword of Zonguldrok {reap}
     2 | D        | Found the +13 scythe of Curses {drain, Drain}
     2 | D        | Found the +5 sword of Power {vorpal}
     2 | D        | Found the +7 mace of Variability {chain chaos}
     2 | D        | Found the +7 Singing Sword {vorpal, sonic wave}
     2 | D        | Found the +8 storm bow {elec, penet}
     3 | D        | Found a transporter.
     3 | D        | Found an ancient bone altar of Kikubaaqudgha.
     3 | D        | Found a viscous altar of Jiyva.
     3 | D        | Found a corrupted altar of Lugonu.
     3 | D        | Found a hazy altar of Hepliaklqana.
     3 | D        | Found a burning altar of Makhleb.
     3 | D        | Found an opulent altar of Gozag.
    70 | D        | Became a worshipper of Vehumet
    89 | D        | Entered arena 2.
    89 | D        | Noticed a necrophage
    89 | D        | Found a transporter.
    97 | D        | Killed a necrophage
    98 | D        | Reached skill level 7 in Fire Magic
    98 | D        | Reached XP level 2. HP: 14/16 MP: 1/11
    98 | D        | Reached XP level 3. HP: 17/20 MP: 1/12
    98 | D        | Reached XP level 4. HP: 21/24 MP: 1/14
   193 | D        | Learned a level 3 spell: Conjure Flame
   197 | D        | Learned a level 3 spell: Inner Flame
   202 | D        | Learned a level 4 spell: Sticky Flame
   204 | D        | Entered arena 3.
   204 | D        | Noticed a water moccasin
   204 | D        | Found a transporter.
   208 | D        | Reached * piety under Vehumet
   208 | D        | Offered knowledge of Shock by Vehumet.
   211 | D        | Killed a water moccasin
   212 | D        | Reached skill level 1 in Fighting
   212 | D        | Reached skill level 5 in Dodging
   212 | D        | Reached skill level 5 in Stealth
   212 | D        | Reached skill level 9 in Fire Magic
   212 | D        | Reached XP level 5. HP: 12/29 MP: 10/17
   399 | D        | Learned a level 5 spell: Fireball
   400 | D        | Entered arena 4.
   400 | D        | Noticed a jumping spider
   400 | D        | Noticed a jumping spider
   400 | D        | Found a transporter.
   401 | D        | Reached ** piety under Vehumet
   401 | D        | Offered knowledge of Sandblast by Vehumet.
   402 | D        | Reached skill level 10 in Fire Magic
   402 | D        | Reached XP level 6. HP: 34/34 MP: 12/19
   402 | D        | Killed a jumping spider
   402 | D        | Killed a jumping spider
   403 | D        | Reached skill level 10 in Spellcasting
   403 | D        | Reached skill level 12 in Fire Magic
   403 | D        | Reached XP level 7. HP: 40/40 MP: 12/23
   470 | D        | Got the ring of Quathac {Fly Will+ Str+3}
   475 | D        | Learned a level 1 spell: Sandblast
   476 | D        | Entered arena 5.
   476 | D        | Found a transporter.
   478 | D        | Offered knowledge of Ignite Poison by Vehumet.
   478 | D        | Reached *** piety under Vehumet
   479 | D        | Reached skill level 1 in Polearms
   479 | D        | Reached skill level 13 in Fire Magic
   479 | D        | Reached XP level 8. HP: 45/45 MP: 15/25
   483 | D        | Learned a level 3 spell: Ignite Poison
   582 | D        | Entered arena 6.
   582 | D        | Noticed Sigmund
   582 | D        | Noticed Jessica
   582 | D        | Noticed Blork the orc
   582 | D        | Noticed Crazy Yiuf
   582 | D        | Noticed Dowan
   582 | D        | Found a transporter.
   583 | D        | Identified the +10 dagger of Dethrisi {vorpal, Will- Int+2
                  | Dex+2}
   583 | D        | Killed Sigmund
   583 | D        | Offered knowledge of Frozen Ramparts by Vehumet.
   583 | D        | Killed Jessica
   583 | D        | Reached **** piety under Vehumet
   584 | D        | Killed Blork the orc
   584 | D        | Killed Crazy Yiuf
   584 | D        | Killed Dowan
   585 | D        | Reached skill level 5 in Conjurations
   625 | D        | Entered arena 7.
   625 | D        | Noticed a naga mage
   625 | D        | Noticed a naga mage
   626 | D        | Reached ***** piety under Vehumet
   628 | D        | Reached skill level 14 in Fire Magic
   628 | D        | Killed a naga mage
   628 | D        | Killed a naga mage
   629 | D        | Reached XP level 9. HP: 51/51 MP: 21/28
   629 | D        | Found a transporter.
   718 | D        | Entered arena 8.
   718 | D        | Noticed a cane toad
   720 | D        | Reached ****** piety under Vehumet
   721 | D        | Reached skill level 15 in Fire Magic
   721 | D        | Killed a cane toad
   721 | D        | Offered knowledge of Lee's Rapid Deconstruction by Vehumet.
   722 | D        | Found a transporter.
   734 | D        | Got the ring "Zouthricopn" {Ice Will+}
   759 | D        | Learned a level 5 spell: Lee's Rapid Deconstruction
   759 | D        | Entered arena 9.
   759 | D        | Noticed a guardian mummy
   759 | D        | Noticed a guardian mummy
   760 | D        | Offered knowledge of Irradiate by Vehumet.
   761 | D        | Killed a guardian mummy
   763 | D        | Killed a guardian mummy
   809 | D        | Found a transporter.
   857 | D        | Entered arena 10.
   857 | D        | Noticed a freezing wraith
   857 | D        | Noticed a freezing wraith
   857 | D        | Noticed a rime drake
   860 | D        | Reached skill level 10 in Dodging
   860 | D        | Killed a rime drake
   861 | D        | Reached XP level 10. HP: 47/56 MP: 19/30
   862 | D        | Reached skill level 15 in Spellcasting
   862 | D        | Reached skill level 16 in Fire Magic
   864 | D        | Found a transporter.
   873 | D        | Got the +3 pair of gloves "Puipniom" {Rampage Str+4 Int-3
                  | SInv}
   884 | D        | Got the ring "Qeme" {rF+ Dex+4}
   887 | D        | Got the ring "Amygylo" {rElec rF+ rC- Dex+2 SInv}
   901 | D        | Learned a level 5 spell: Bolt of Magma
   908 | D        | Learned a level 6 spell: Iron Shot
   945 | D        | Entered arena 11.
   945 | D        | Noticed a cane toad
   947 | D        | Offered knowledge of Fulminant Prism by Vehumet.
   955 | D        | Killed a cane toad
  1061 | D        | Found a transporter.
  1089 | D        | Entered arena 12.
  1089 | D        | Noticed a rockslime
  1089 | D        | Noticed an eye of devastation
  1092 | D        | Noticed a great orb of eyes
  1096 | D        | Blown up by an eye of devastation

Illustrated notes

Levels and vault maps discovered:
D:        sprint_v [room_start, room_1, room_2, room_3, room_4, room_5, room_6,
          room_7, room_8, room_9, room_10, room_11, room_12, room_13, room_14,
          room_15, room_16, room_17, room_18, room_19, room_20, room_21,
          room_22, room_23, room_24, room_25, room_26, room_27]

Skill      XL: |  1  2  3  4  5  6  7  8  9 10 |
---------------+-------------------------------+-----
Dodging        | 3 5 7 9 10 | 10.3
Stealth        | 4 5 6 7 8 9 |  9.2
Spellcasting   | 6 7 8 10 11 13 14 15 | 15.7
Conjurations   | 2 3 4 6 7 9 |  9.0
Fire Magic     | 7 9 10 12 13 14 15 16 | 16.6
Fighting       | 1 2 3 4 |  4.1
Polearms       | 1 2 |  2.1

Action                   |  1- 3 |  4- 6 |  7- 9 | 10-12 || total
-------------------------+-------+-------+-------+-------++-------
Melee: Lance             |       |     6 |       |       ||     6
 Cast: Foxfire           |     4 |     6 |       |       ||    10
       Fireball          |       |     2 |    18 |     6 ||    26
       Sticky Flame      |       |       |       |     6 ||     6
       Lee's Rapid Decon |       |       |       |     3 ||     3
  Use: Potion            |     2 |       |       |     2 ||     4
       Scroll            |       |       |     2 |     1 ||     3
Armor: Robe              |     1 |     2 |       |     2 ||     5
Dodge: Dodged            |     6 |     4 |     1 |     7 ||    18

Table legend: (Time is in decaauts)
 A = Elapsed time spent in this place.
 B = Non-inter-level travel time spent in this place.
 C = Inter-level travel time spent in this place.
 D = Time resting spent in this place.
 E = Time spent auto-exploring this place.
 F = Levels seen in this place.
 G = Mean time per level.
                   A        B        C        D        E       F      G
               +--------+--------+--------+--------+--------+-----+--------+
         Total |   1095 |   1095 |      0 |    696 |      0 |   1 | 1095.0 |
       Dungeon |   1095 |   1095 |      0 |    696 |      0 |   1 | 1095.0 |
               +--------+--------+--------+--------+--------+-----+--------+

Top non-repeatable levels by time:
       D: 1095 daAuts
